AoeStats
← Mau5

Highland

506351990Analyzed
4v4 RM · 18d ago on Sep 13, 2026· 46m 27s· 8 players
Game mode
Random Map
Map size
Large (8 player)
Population
200
Speed
Normal
Resources
Standard
Victory
Conquest
Starting age
Dark Age
Ending age
Imperial Age
RankedLock teamsTeams togetherTeam positionsShared explorationLock speedFull tech treeHidden civsTurbo modeCheats
Victory
Defeat
🇦🇹 Spanish · Austria
1746
+10
🇵🇰 Vikings · Pakistan
1732
+11
🇦🇺 Mongols · Australia
1703
+12
🇻🇳 Lithuanians · Vietnam
1652
+14
🇨🇳 Japanese · China
1868
-21
🇩🇪 Magyars · Germany
1680
-14
🇨🇳 Italians · China
1451
-6
🇨🇳 Dravidians · China
1441
-13
Mau5
9:18 Feudal Age
12:23 Double-Bit Axe
13:21 Loom
14:11 Wheelbarrow
18:42 Castle Age
18:09 Gold Mining
19:57 Medium Warships
20:37 Forging
22:35 Horse Collar
23:08 Bow Saw
30:59 Fletching
33:30 Bodkin Arrow
33:50 Town Watch
34:31 Ballistics
34:42 Padded Archer Armor
35:30 Husbandry
35:40 Bloodlines
36:24 Hand Cart
40:41 Imperial Age
39:16 Thumb Ring
39:29 Leather Archer Armor
40:46 Elite Mangudai
41:27 Bracer
42:29 Chemistry
41:58 Parthian Tactics
42:28 Conscription
46:39 Drill
ChauNg
11:24 Feudal Age
14:59 Castle Age
13:01 Double-Bit Axe
14:26 Gold Mining
15:55 Medium Warships
19:33 Horse Collar
20:04 Bow Saw
24:35 Loom
25:46 Wheelbarrow
27:33 Heavy Plow
31:53 Imperial Age
30:03 Scale Barding Armor
30:09 Forging
29:52 Stone Mining
30:48 Hand Cart
30:18 Town Watch
31:18 Bloodlines
31:09 Husbandry
32:03 Chain Barding Armor
33:33 Plate Barding Armor
33:46 Iron Casting
33:09 Cavalier
37:28 Light Cavalry
37:29 Paladin
41:13 Fletching
41:24 Padded Archer Armor
42:14 Bodkin Arrow
41:42 Elite Skirmisher
42:11 Crossbowman
42:21 Winged Hussar
45:05 Bracer
45:20 Leather Archer Armor
47:23 Ring Archer Armor
Mubeen
6:38 Loom
9:07 Feudal Age
10:06 Double-Bit Axe
15:21 Fletching
23:47 Castle Age
24:29 Bodkin Arrow
23:58 Crossbowman
24:53 Padded Archer Armor
26:24 Ballistics
29:40 Leather Archer Armor
31:26 Elite Skirmisher
36:52 Bow Saw
38:43 Medium Warships
39:09 Careening
44:09 Imperial Age
42:55 Town Watch
43:20 Caravan
44:50 Bracer
45:56 Chemistry
44:18 Arbalester
44:27 Capped Ram
45:39 Bogsveigar
Fritz Fantom
6:43 Loom
9:25 Feudal Age
10:13 Double-Bit Axe
12:52 Fletching
16:06 Town Watch
20:33 Castle Age
19:14 Horse Collar
21:35 Medium Warships
24:40 Bow Saw
25:09 Wheelbarrow
37:45 Imperial Age
36:04 Bodkin Arrow
36:09 Padded Archer Armor
39:33 Heavy Warships
39:49 Shipwright
41:27 Chemistry
40:49 Sappers
41:54 Forging
42:32 Ballistics
43:50 Elite Cannon Galleon
46:17 Coinage
45:47 Caravan
46:50 Siphons
46:56 Clinker Construction
DZT_白霜魔头
10:53 Feudal Age
10:39 Loom
11:04 Man-at-Arms
11:49 Double-Bit Axe
13:16 Man-at-Arms
14:19 Arson
24:36 Castle Age
22:46 Horse Collar
22:57 Gold Mining
24:13 Bloodlines
24:50 Scale Barding Armor
24:41 Town Watch
25:29 Scale Mail Armor
25:40 Scale Mail Armor
26:05 Chain Barding Armor
34:21 Forging
37:16 Bow Saw
37:20 Pikeman
39:18 Squires
40:26 Scale Mail Armor
44:26 Imperial Age
42:58 Wheelbarrow
42:59 Wheelbarrow
43:03 Padded Archer Armor
42:54 Fletching
44:08 Husbandry
44:24 Leather Archer Armor
44:44 Hand Cart
46:12 Chemistry
早安
10:38 Feudal Age
11:22 Double-Bit Axe
12:05 Loom
13:37 Horse Collar
14:43 Gold Mining
19:30 Town Watch
23:23 Castle Age
23:19 Fletching
23:30 Padded Archer Armor
23:28 Stone Mining
24:24 Bodkin Arrow
26:53 Medium Warships
29:34 Leather Archer Armor
33:52 Wheelbarrow
35:37 Demolition Ship
38:24 Scale Mail Armor
38:35 Forging
38:02 Pikeman
38:43 Squires
38:28 Arson
39:31 Chain Mail Armor
Lucaorn
7:02 Loom
9:10 Feudal Age
9:46 Double-Bit Axe
9:45 Horse Collar
20:59 Castle Age
19:44 Fletching
19:51 Gold Mining
21:37 Bodkin Arrow
22:07 Husbandry
22:51 Padded Archer Armor
24:51 Ballistics
24:58 Bloodlines
32:27 Wheelbarrow
34:10 Leather Archer Armor
40:28 Imperial Age
38:08 Stone Mining
38:51 Hand Cart
39:03 Scale Barding Armor
40:21 Chain Barding Armor
40:30 Town Watch
40:43 Elite Magyar Huszar
42:16 Plate Barding Armor
41:51 Corvinian Army
42:41 Conscription
44:45 Bracer
seabed
7:57 Loom
9:56 Feudal Age
10:40 Double-Bit Axe
21:04 Castle Age
19:52 Forging
21:57 Medium Warships
34:19 Wheelbarrow
37:24 Imperial Age
35:20 Fletching
36:11 Bodkin Arrow
36:54 Padded Archer Armor
37:16 Ballistics
37:25 Gold Mining
37:28 Stone Mining
39:23 Chemistry
38:24 Bracer
39:41 Heavy Warships
39:49 Treadmill Crane
43:14 Careening
Connection lost

Rejoining the realm…

Still unreachable

The connection could not be restored.

Session expired

The server has moved on; the page needs a fresh start.